 Dungeon Crawl Stone Soup version bcrawl-1.12-8-g964540c432 (webtiles) character file.

Game seed: 4497451022254166390

935 Gumption the Sneak (level 7, -2/43 HPs)
             Began as a Dusk Walker Fighter on June 3, 2019.
             Was a Believer of Hepliaklqana.
             Slain by an orc warrior
             ... wielding a +0 war axe
              (22 damage)
             ... on level 6 of the Dungeon.
             The game lasted 00:23:08 (4182 turns).

Gumption the Sneak (Dusk Walker Fighter)            Turns: 4182, Time: 00:23:09

Health: -2/43      AC: 13    Str: 19    XL:     7   Next: 87%
Magic:  7/7        EV:  5    Int:  8    God:    Hepliaklqana [**....]
Gold:   321        SH: 10    Dex: 15    Spells: 6/6 levels left

rFire    . . .     SeeInvis .   a - +1 rapier
rCold    . . .     Gourm    .   c - +0 shield
rNeg     . . .     Faith    .   u - +0 chain mail
rPois    .         Spirit   .   p - +0 helmet
rElec    .         Reflect  .   j - +0 cloak
rCorr    .         Harm     .   D - +0 pair of gloves
MR       +....                  (no boots)
Stlth    +++.......             (no amulet)
HPRegen  0.14/turn              A - +3 ring of dexterity
MPRegen  0.10/turn              (no ring)

@: no status effects
A: draining touch, unencumbered stealth, reduced essence, fangs 2, nightstalker
1
a: Recall Ancestor, Ancestor Identity, Renounce Religion


You were on level 6 of the Dungeon.
You worshipped Hepliaklqana.
Hepliaklqana was pleased with you.
You were not hungry.

You visited 1 branch of the dungeon, and saw 6 of its levels.

You collected 370 gold pieces.
You spent 49 gold pieces at shops.

Inventory:

Hand Weapons
 a - a +1 rapier (weapon)
Missiles
 f - 1249 stones
 t - 362 javelins
 v - 41 poisoned tomahawks (quivered)
Armour
 c - a +0 shield (worn)
 j - a +0 cloak (worn)
 p - a +0 helmet (worn)
 u - a +0 chain mail (worn)
 D - a +0 pair of gloves (worn)
Jewellery
 A - a +3 ring of dexterity (left hand)
Wands
 w - a wand of polymorph (10)
 G - a wand of iceblast (9)
Scrolls
 g - 2 scrolls of fear
 h - 5 scrolls of identify
 i - 5 scrolls of teleportation
 k - 6 scrolls of remove curse
 l - a scroll of immolation
 m - a scroll of enchant weapon
 y - a scroll of fog {unknown}
 z - a scroll of noise {unknown}
 B - 2 scrolls of magic mapping {unknown}
Potions
 b - a potion of mutation
 d - 3 potions of might
 n - 4 potions of curing
 o - a potion of lignification
 q - 2 potions of flight
 r - a potion of haste
 s - a potion of magic
 x - 2 potions of heal wounds
 C - a potion of brilliance {unknown}
 E - a potion of cancellation {unknown}
Comestibles
 e - 9 rations {!d}
 F - 11 chunks of flesh


   Skills:
 + Level 4.2 Fighting
 * Level 5.9 Short Blades
 + Level 4.7 Armour
 * Level 6.9 Stealth
 * Level 5.4 Shields


You had 6 spell levels left.
You didn't know any spells.
Your spell library was empty.

Dungeon Overview and Level Annotations

Branches:
Dungeon (6/12)             Temple (0/1) D:5

Altars:
Ashenzari
Cheibriados
Elyvilon
Gozag
Hepliaklqana
Ru
Wu Jian

Shops:
D:5 *}*


Innate Abilities, Weirdness & Mutations

Your attacks drain your enemies.
You move stealthily even while encumbered by armour.
You have extremely sharp teeth.
You are slightly more attuned to the shadows.
Your life essence is reduced to manifest your ancestor. (-10% HP)


Message History

You bite the orc warrior, but do no damage.
The orc warrior is lightly wounded.
You block the orc wizard's attack.
Ara points at the orc wizard and mumbles some strange words.
The orc wizard resists with some effort.
The orc warrior closely misses you.
The orc warrior hits Ara with a +0 war axe!
Your chain mail prevents you from hitting the orc warrior.
The orc warrior is lightly wounded.
You block the orc wizard's attack.
Ara barely misses the orc wizard.
The orc warrior hits you with a +0 war axe.
The orc warrior hits Ara with a +0 war axe!
Ara is destroyed!
You hit the orc warrior.
The orc warrior is lightly wounded.
The orc wizard casts a spell at you. The puff of flame hits you!
The orc warrior hits you with a +0 war axe!!
Ouch! That really hurt!
You die...

...#.##..#####...##.......
#..#.##...................
...#.##...##.######.......
##.#.##...##.######.......
R..#.##...............<###
#..#.....#####...#######
#...................###
##.#.##.######.).......
####.##.# #..@o..... #
#.##.# #.##o..... #.##.#
#.. ...>.. ..##.# ##.
...... ### .# # ......
...... ......


You could see an orc warrior and an orc wizard.

Vanquished Creatures
  A sky beast (D:5)
  An orc warrior (D:6)
  A big kobold (D:6)
  2 scorpions
  A crimson imp (D:5)
  A centaur skeleton (D:5)
  3 hounds
  A bullfrog skeleton (D:3)
  An orc priest (D:3)
  6 worker ants
  A worker ant zombie (D:6)
  9 adders
  A shadow imp (D:6)
  An ooze (D:3)
  2 worms
  2 dart slugs
  3 leopard geckos (D:1)
  9 orcs
  3 giant cockroaches
  3 goblins
  8 hobgoblins
  2 quokkas (D:5)
  7 bats
  3 frilled lizards
  16 kobolds
  7 rats
95 creatures vanquished.

Vanquished Creatures (collateral kills)
  A hound (D:4)
  An adder (D:3)
  An orc (D:3)
  2 bats
  A hobgoblin (D:3)
  A jackal (D:3)
  A frilled lizard (D:2)
  A kobold (D:2)
9 creatures vanquished.

Vanquished Creatures (others)
  A hexer (D:6)
  2 ancestors
3 creatures vanquished.

Grand Total: 107 creatures vanquished

Notes
Turn   | Place    | Note
-------+----------+-------------------------------------------
     0 | D:1      | Gumption the Dusk Walker Fighter began the quest for the
                  | Orb.
     0 | D:1      | Reached XP level 1. HP: 16/16 MP: 1/1
   158 | D:1      | Reached skill level 1 in Stealth
   200 | D:1      | Reached XP level 2. HP: 21/21 MP: 2/2
   592 | D:1      | Reached skill level 2 in Stealth
   798 | D:2      | Found a sacrificial altar of Ru.
   817 | D:2      | Reached XP level 3. HP: 26/26 MP: 3/3
   875 | D:2      | Found a shattered altar of Ashenzari.
   878 | D:2      | Found a hazy altar of Hepliaklqana.
   878 | D:2      | Found a white marble altar of Elyvilon.
   911 | D:2      | Became a worshipper of Hepliaklqana the Forgotten
  1591 | D:3      | Reached skill level 3 in Stealth
  1591 | D:3      | Gained mutation: You are slightly more attuned to the
                  | shadows. [Dusk Walker growth]
  1591 | D:3      | Reached XP level 4. HP: 27/27 MP: 4/4
  1736 | D:3      | Reached * piety under Hepliaklqana
  1744 | D:3      | Reached XP level 5. HP: 25/32 MP: 5/5
  2129 | D:3      | Found an ornate altar of the Wu Jian Council.
  2377 | D:3      | Reached skill level 4 in Stealth
  2516 | D:3      | Reached XP level 6. HP: 32/37 MP: 6/6
  2815 | D:4      | Reached skill level 5 in Stealth
  2949 | D:4      | Reached ** piety under Hepliaklqana
  2950 | D:4      | Remembered your ancestor Ara as a hexer
  3268 | D:4      | Reached skill level 5 in Short Blades
  3320 | D:5      | Entered Level 5 of the Dungeon
  3331 | D:5      | Found Etaqowk's Gadget Boutique.
  3339 | D:5      | Found Gozag's Platinum Reserve.
  3341 | D:5      | Found an opulent altar of Gozag.
  3452 | D:5      | Found Leiskixt's General Store.
  3459 | D:5      | Bought a scroll of fear for 49 gold pieces
  3532 | D:5      | Noticed a sky beast
  3538 | D:5      | Killed a sky beast
  3538 | D:5      | Reached XP level 7. HP: 42/42 MP: 7/7
  3611 | D:5      | Reached skill level 6 in Stealth
  3620 | D:5      | Reached skill level 5 in Shields
  3661 | D:5      | Found a staircase to the Ecumenical Temple.
  4127 | D:6      | Found a snail-covered altar of Cheibriados.
  4182 | D:6      | Slain by an orc warrior

Skill      XL: |  1  2  3  4  5  6  7 |
---------------+----------------------+-----
Stealth        | 1 2 3 4 5 6 |  6.9
Short Blades   | 3 4 5 |  5.9
Shields        | 4 5 |  5.4
Armour         | 4 |  4.7
Fighting       | 4 |  4.2

Action                   |  1- 3 |  4- 6 |  7- 9 || total
-------------------------+-------+-------+-------++-------
Melee: Rapier            |   100 |   114 |    61 ||   275
       Bite              |     3 |     8 |     9 ||    20
Throw: Stone             |    75 |       |       ||    75
       Javelin           |     4 |     8 |       ||    12
       Tomahawk          |       |    18 |    10 ||    28
Invok: Ancestor Life: He |       |     1 |       ||     1
  Use: Scroll            |     7 |     5 |       ||    12
 Stab: Sleeping          |     2 |     2 |     2 ||     6
       Confused          |       |     2 |     2 ||     4
       Distracted        |       |     1 |       ||     1
  Eat: Chunk             |     2 |     6 |       ||     8
       Ration            |       |       |     1 ||     1
Armor: Scale mail        |    58 |       |       ||    58
       Chain mail        |       |    46 |    28 ||    74
Dodge: Dodged            |    26 |    15 |     9 ||    50
Block: Shield            |    50 |    49 |    21 ||   120
